 Dungeon Crawl Stone Soup version 0.31-a0-208-gdb31a4691d (webtiles) character file.

Game seed: 18202437411442773338

697 frimble the Cutter (level 7, -3/47 HPs)
             Began as an Octopode Warper on June 29, 2023.
             Was a Follower of Cheibriados.
             Slain by Duvessa
             ... wielding a +0 short sword
              (12 damage)
             ... on level 6 of the Dungeon.
             The game lasted 00:05:23 (4305 turns).

frimble the Cutter (Octopode Warper)                Turns: 4305, Time: 00:05:23

Health: -3/47      AC:  1    Str: 12 (13) XL:     7   Next: 65%
Magic:  10/10      EV: 13    Int: 15 (17) God:    Cheibriados [*.....]
Gold:   391        SH:  0    Dex: 15      Spells: 8/10 levels left

rFire   . . .        h - +5 dagger (venom)
rCold   . . .        (no shield)
rNeg    . . .        (helmet restricted)
rPois   .            (no amulet)
rElec   .            (no ring)
rCorr   .            (no ring)
SInv    .            (no ring)
Will    .....        (no ring)
Stlth   ++++         (no ring)
HPRegen 0.27/turn    (no ring)
MPRegen 0.12/turn    (no ring)
                     (no ring)

%: no passive effects
@: very slow
A: almost no armour, amphibious, 8 rings, camouflage 1, gelatinous body 1,
(nimble swimmer 1), tentacles
a: Renounce Religion, Bend Time


You were on level 6 of the Dungeon.
You worshipped Cheibriados.
Cheibriados was aware of your devotion.
You visited 1 branch of the dungeon, and saw 6 of its levels.

You collected 391 gold pieces.

Inventory:

Hand Weapons
 h - a +5 dagger of venom (weapon)
 q - a +0 vampiric long sword
Missiles
 c - 7 boomerangs of dispersal
 f - 3 throwing nets
 i - 5 boomerangs
Armour
 g - a +0 buckler
Jewellery
 l - a ring of ice
Wands
 r - a wand of roots (7)
Scrolls
 a - a scroll of revelation
 b - 3 scrolls of blinking
 d - 6 scrolls of identify
 e - a scroll of noise
 o - a scroll of fog
 p - a scroll of enchant weapon
Potions
 j - a potion of cancellation
 k - 2 potions of lignification
 m - a potion of curing {unknown}
 n - a potion of ambrosia


   Skills:
 + Level 3.8 Fighting
 + Level 6.4 Short Blades
 - Level 1.0 Throwing
 - Level 2.3 Dodging
 + Level 4.8 Stealth
 + Level 1.3 Shields
 - Level 2.0 Spellcasting
 - Level 3.0 Translocations
 + Level 1.0 Evocations


You had 8 spell levels left.
You knew the following spells:

 Your Spells              Type           Power      Damage    Failure   Level
a - Blink                 Tloc           20%        N/A       10%         2

Your spell library contained the following spells:

 Spells                   Type           Power      Damage    Failure   Level
 Lesser Beckoning         Tloc           20%        N/A       10%         2
 Momentum Strike          Conj/Tloc      12%        3d8       19%         2
 Teleport Other           Tloc           10%        N/A       19%         3
 Kiss of Death            Conj/Necr      4%         2d5       22%         1
 Vhi's Electric Charge    Tloc/Air       12%        N/A       34%         3
 Confusing Touch          Hex            1%         N/A       54%         3
 Manifold Assault         Tloc           10%        N/A       54%         4
 Dispel Undead            Necr           1%         3d6       91%         4


Dungeon Overview and Level Annotations

Branches:
Dungeon (6/15)
 Temple: D:4-7

Altars:
Cheibriados
Makhleb
The Shining One

Annotations:
D:6 Dowan, Duvessa


Innate Abilities, Weirdness & Mutations

You cannot wear most types of armour.
You are amphibious.
You can wear up to eight rings at the same time.
Your skin changes colour to match your surroundings (Stealth+).
Your rubbery body absorbs attacks. (AC +1, EV +1)
((You are camouflaged when in or above water. (Stealth+)))
You have tentacles for arms and can constrict up to eight enemies at once.


Message History

No target in view!
No target in view!
No target in view!
i - 5 boomerangs (gained 1)
Things that are here:
a +0 falchion; an orc corpse Dowan, Brother of Duvessa comes into view.
He is wielding a +0 dagger.
Dowan is nearby!
Dowan is nearby!
Duvessa, Sister of Dowan comes into view.
She is wielding a +0 short sword.
Dowan shouts!
Dowan drinks a potion.
Dowan seems to speed up.
Dowan points at Duvessa and mumbles some strange words.
Duvessa seems to speed up.
Duvessa says, "My weaknesses are his strengths!"
Dowan says, "There's a certain beauty in death, don't you think?"
Dowan barely misses you. Duvessa completely misses you.
Dowan closely misses you.
You hit Duvessa.
Duvessa is poisoned.
You grab Duvessa. You squeeze Duvessa!
Duvessa is heavily wounded.
You constrict Duvessa, but do no damage.
Dowan points at you and mumbles some strange words.
The puff of flame hits you. Duvessa hits you with a +0 short sword!
You hit Duvessa but do no damage.
Duvessa looks as sick as possible!
Duvessa is heavily wounded.
You constrict Duvessa, but do no damage.
Dowan hits you with a +0 dagger. Duvessa hits you with a +0 short sword!
You hit Duvessa but do no damage.
Duvessa looks as sick as possible!
You squeeze Duvessa.
Duvessa is heavily wounded.
You constrict Duvessa, but do no damage.
Dowan gestures wildly while chanting.
Dowan blinks!
You hit Duvessa but do no damage.
Duvessa is heavily wounded.
You constrict Duvessa, but do no damage.
Duvessa hits you with a +0 short sword!
* * * LOW HITPOINT WARNING * * *
Duvessa hits you with a +0 short sword!
You die...

#########
#.......#
#
#.......#
#
#.......#
#
#.......#
#
#.......#
#
#..ยง....#
#
#.@e....#
#
#.......#
#
##.......#
#
#.....e.##
#.......#
+.......#
.
#.......#
#.......#
#.......+
..


You could see Duvessa (fast, extremely poisoned) and Dowan (fast).

Vanquished Creatures
  An ogre (D:6)
  2 scorpions
  3 hounds
  An orc priest (D:4)
  2 iguanas
  4 orc wizards
  Natasha (D:3)
  8 adders
  A white imp (D:6)
  4 worms
  3 dart slugs
  19 orcs
  10 bats
  2 endoplasms
  2 giant cockroaches
  8 goblins
  8 hobgoblins
  7 kobolds
  2 quokkas
  5 ball pythons
  3 frilled lizards
  3 rats (D:1)
99 creatures vanquished.

Notes
Turn   | Place    | Note
-------+----------+-------------------------------------------
     0 | D:1      | frimble the Octopode Warper began the quest for the Orb.
     0 | D:1      | Reached XP level 1. HP: 14/14 MP: 3/3
   257 | D:1      | Reached XP level 2. HP: 15/19 MP: 5/5
   403 | D:1      | You fall into a shaft and drop 1 floor!
   463 | D:2      | Reached skill level 3 in Short Blades
   506 | D:2      | Reached XP level 3. HP: 24/24 MP: 6/6
   740 | D:2      | Reached skill level 4 in Short Blades
   994 | D:1      | Reached XP level 4. HP: 29/29 MP: 7/7
   997 | D:1      | Learned a level 2 spell: Blink
  1070 | D:1      | Found a faded altar of an unknown god.
  1677 | D:3      | Reached skill level 5 in Short Blades
  1693 | D:3      | Reached XP level 5. HP: 19/34 MP: 6/8
  1811 | D:3      | Noticed Natasha
  1818 | D:3      | Killed Natasha
  1819 | D:3      | Reached skill level 1 in Stealth
  2003 | D:4      | Reached XP level 6. HP: 25/41 MP: 9/9
  2048 | D:4      | HP: 3/61 [orc priest/divine providence (15)]
  2627 | D:4      | Reached skill level 6 in Short Blades
  2860 | D:4      | Found a glowing golden altar of the Shining One.
  2948 | D:5      | Entered Level 5 of the Dungeon
  3069 | D:5      | Found a snail-covered altar of Cheibriados.
  3114 | D:5      | Found a burning altar of Makhleb.
  3204 | D:5      | Became a worshipper of Cheibriados the Contemplative
  3252 | D:5      | Reached XP level 7. HP: 37/46 MP: 10/10
  4089 | D:6      | Reached skill level 1 in Shields
  4089 | D:6      | Reached skill level 1 in Evocations
  4188 | D:6      | Reached * piety under Cheibriados
  4295 | D:6      | Noticed Dowan
  4296 | D:6      | Noticed Duvessa
  4305 | D:6      | Slain by Duvessa

Illustrated notes

Levels and vault maps discovered:
D:1:      matt_arrival_grand_opening, layout_basic,
          shapermc_ecumenical_altar_flowoftime, fountainhead
D:2:      layout_rooms, minmay_misc_feat_alley
D:3:      layout_rooms, minmay_pentangle, uniq_natasha
D:4:      layout_rooms, tso_oasis_becter
D:5:      layout_loops_ring, chei_slow_surprise, amcnicky_altar_gilded
D:6:      layout_gridville, nicolae_titane, uniq_duvessa

Skill      XL: |  1  2  3  4  5  6  7 |
---------------+----------------------+-----
Short Blades   | 3 4 5 6 |  6.4
Stealth        | 2 4 |  4.8
Fighting       | 3 |  3.8
Shields        | 1 |  1.3
Evocations     | 1 |  1.0
Throwing       | |  1.0
Dodging        | |  2.3
Spellcasting   | |  2.0
Translocations | |  3.0

Action                     |  1- 3 |  4- 6 |  7- 9 || total
---------------------------+-------+-------+-------++-------
  Melee: Short sword       |    13 |       |       ||    13
         Constrict         |    13 |    28 |     7 ||    48
         Punch             |     3 |     4 |     1 ||     8
         Tentacles         |     8 |    22 |    13 ||    43
         Dagger            |    39 |   125 |    40 ||   204
   Cast: Blink             |       |     3 |     1 ||     4
    Use: Scroll            |       |    10 |     1 ||    11
         Potion            |       |     4 |       ||     4
   Stab: Sleeping          |     7 |     6 |     4 ||    17
         Distracted        |       |     1 |       ||     1
 Armour: Skin              |     5 |    52 |       ||    57
  Dodge: Dodged            |    25 |    55 |    16 ||    96

Table legend: (Time is in decaauts)
 A = Elapsed time spent in this place.
 B = Non-inter-level travel time spent in this place.
 C = Inter-level travel time spent in this place.
 D = Time resting spent in this place.
 E = Time spent auto-exploring this place.
 F = Levels seen in this place.
 G = Mean time per level.
                   A        B        C        D        E       F      G
               +--------+--------+--------+--------+--------+-----+--------+
         Total |   4473 |   4240 |    233 |      3 |   3539 |   6 |  745.5 |
       Dungeon |   4473 |   4240 |    233 |      3 |   3539 |   6 |  745.5 |
               +--------+--------+--------+--------+--------+-----+--------+

Top non-repeatable levels by time:
     D:5: 930 daAuts
     D:4: 860 daAuts
     D:3: 836 daAuts
     D:1: 761 daAuts
     D:6: 636 daAuts
     D:2: 448 daAuts
